 Dungeon Crawl Stone Soup version 0.32-a0-418-g34023cf (webtiles) character file.

Game seed: 6455454917467301120

122136 skewfiend the Warrior (level 16, -3/145 HPs)
             Began as a Coglin Gladiator on Feb 20, 2024.
             Was the Champion of Makhleb.
             Shot with a bolt by a naga sharpshooter (15 damage)
             ... on level 1 of the Snake Pit on Feb 21, 2024.
             The game lasted 01:43:49 (26755 turns).

skewfiend the Warrior (Coglin Gladiator)           Turns: 26755, Time: 01:43:50

Health: -3/145     AC: 25    Str: 24    XL:     16   Next: 86%
Magic:  22/22      EV:  9    Int:  5    God:    Makhleb [******]
Gold:   2863       SH:  0    Dex: 22    Spells: 15/15 levels left

rFire   + . .        q - +11 long sword of Hiuhidu {pain, +Blink rF+ rC++ rCorr}
rCold   + . .        V - +7 scimitar (flame) {Thamphthis}
rNeg    . . .        x - +0 plate armour
rPois   +            I - +2 helmet "Linokh" {Str+3 Int-4 Stlth+}
rElec   +            n - +1 cloak {Will+}
rCorr   +            (no gloves)
SInv    .            W - +0 pair of boots "Qiemiarph" {Fly rElec Will+ Int+2}
Will    ++++.        K - amulet of regeneration Stlth
                     u - +6 ring of dexterity
HPRegen 1.24/turn    Y - ring "Yhoesuja" {+Blink rPois rC- Dex-2 Stlth+}
MPRegen 0.18/turn

%: no passive effects
@: mighty, lethally poisoned (-3 -> -9), immotile, flying, constricted, revved
A: off-hand wielding, slow wielding, warmup strikes, legs shutdown, iridescent
scales 2, strong-willed 1, teleportitis 1
a: Renounce Religion, Evoke Blink, Minor Destruction, Lesser Servant of Makhleb,
Major Destruction, Greater Servant of Makhleb


You were on level 1 of the Snake Pit.
You worshipped Makhleb.
Makhleb was exalted by your worship.
You visited 5 branches of the dungeon, and saw 24 of its levels.
You also visited: Sewer, Ossuary, Gauntlet and Volcano.

You collected 3287 gold pieces.
You spent 424 gold pieces at shops.

Inventory:

Hand Weapons
 q - the +11 long sword of Hiuhidu (weapon) {pain, +Blink rF+ rC++ rCorr}
   (You found it on level 9 of the Dungeon)

   rF+:       It protects you from fire.
   rC++:      It greatly protects you from cold.
   +Blink:    It lets you blink.
   rCorr:     It protects you from acid and corrosion.
 F - a +1 scimitar of flaming {Kanlaya}
 V - a +7 scimitar of flaming (offhand) {Thamphthis}
Missiles
 d - 2 throwing nets
 r - 14 boomerangs
 A - 9 silver javelins
 C - 19 poisoned darts
 N - 13 curare-tipped darts
Armour
 n - a +1 cloak of willpower (worn)
 x - a +0 plate armour (worn)
 I - the +2 helmet "Linokh" (worn) {Str+3 Int-4 Stlth+}
   (You found it in a Gauntlet)

   Str+3:     It affects your strength (+3).
   Int-4:     It affects your intelligence (-4).
   Stlth+:    It makes you more stealthy.
 W - the +0 pair of boots "Qiemiarph" (worn) {Fly rElec Will+ Int+2}
   (You bought it in a shop on level 2 of the Orcish Mines)

   Int+2:     It affects your intelligence (+2).
   rElec:     It insulates you from electricity.
   Will+:     It increases your willpower.
   Fly:       It grants you flight.
Jewellery
 u - a +6 ring of dexterity (left grasper)
 B - a +5 ring of evasion
 K - an amulet of regeneration (around neck)
 Y - the ring "Yhoesuja" (right grasper) {+Blink rPois rC- Dex-2 Stlth+}
   (You found it on level 15 of the Dungeon)

   [ring of poison resistance]

   Dex-2:     It affects your dexterity (-2).
   rC-:       It makes you vulnerable to cold.
   rPois:     It protects you from poison +Blink: It lets you blink.
   Stlth+:    It makes you more stealthy.
Wands
 E - a wand of acid (6)
 L - a wand of flame (21)
 P - a wand of roots (10)
Scrolls
 i - a scroll of silence
 l - 3 scrolls of poison
 o - 2 scrolls of fog
 v - 7 scrolls of identify
 y - 2 scrolls of butterflies
 J - 6 scrolls of teleportation
 O - 2 scrolls of revelation
 Q - 3 scrolls of immolation
 X - 2 scrolls of fear
Potions
 b - 2 potions of lignification
 f - 3 potions of brilliance
 h - a potion of berserk rage
 k - 2 potions of might
 m - 2 potions of invisibility
 s - 12 potions of curing
 t - 2 potions of attraction
 w - 2 potions of enlightenment
 z - 3 potions of haste
 D - 4 potions of heal wounds
 G - 2 potions of ambrosia
 H - 3 potions of resistance
Miscellaneous
 g - a phantom mirror
 S - a condenser vane


   Skills:
 * Level 18.5 Fighting
 + Level 17.3 Long Blades
 - Level 1.9 Throwing
 + Level 8.9 Armour
 + Level 8.7 Dodging
 - Level 3.0 Necromancy
 + Level 8.0 Invocations


You had 15 spell levels left.
You didn't know any spells.
Your spell library contained the following spells:

 Spells                   Type           Power      Damage    Failure   Level
 Cigotuvi's Dreadful Rot  Necr/Alch/Air  2%         N/A       100%        2
 Jinxbite                 Hex            0%         N/A       100%        2
 Lesser Beckoning         Tloc           0%         N/A       100%        2
 Mercury Vapours          Alch/Air       0%         N/A       100%        2
 Call Canine Familiar     Summ           0%         N/A       100%        3
 Frozen Ramparts          Ice            0%         1d1       100%        3
 Gell's Gravitas          Tloc           0%         N/A       100%        3
 Mephitic Cloud           Conj/Alch/Air  0%         N/A       100%        3
 Sigil of Binding         Hex            0%         N/A       100%        3
 Summon Ice Beast         Ice/Summ       0%         N/A       100%        3
 Teleport Other           Tloc           0%         N/A       100%        3
 Animate Dead             Necr           3%         N/A       100%        4
 Dimensional Bullseye     Hex/Tloc       0%         N/A       100%        4
 Dispel Undead            Necr           3%         3d7       100%        4
 Ignite Poison            Fire/Alch      0%         N/A       100%        4
 Leda's Liquefaction      Alch/Erth      0%         N/A       100%        4
 Martyr's Knell           Necr/Summ      1%         N/A       100%        4
 Petrify                  Alch/Erth      0%         N/A       100%        4
 Sticky Flame             Fire/Alch      0%         2d4       100%        4
 Borgnjor's Vile Clutch   Necr/Erth      0%         N/A       100%        5
 Freezing Cloud           Conj/Ice/Air   0%         6-21      100%        5
 Metabolic Englaciation   Hex/Ice        0%         N/A       100%        5
 Summon Mana Viper        Hex/Summ       0%         N/A       100%        5
 Yara's Violent Unravell  Hex/Alch       0%         3d3       100%        5
 Death Channel            Necr           1%         N/A       100%        6
 Dispersal                Tloc           0%         N/A       100%        6
 Enfeeble                 Hex            0%         N/A       100%        7
 Haunt                    Necr/Summ      0%         N/A       100%        7
 Monstrous Menagerie      Summ           0%         N/A       100%        7
 Borgnjor's Revivificati  Necr           1%         N/A       100%        8
 Ignition                 Fire           0%         3d3       100%        8
 Death's Door             Necr           1%         N/A       100%        9


Dungeon Overview and Level Annotations

Branches:
Dungeon (15/15)            Temple (1/1) D:5            Lair (5/5) D:9
 Shoals (0/4) Lair:3        Snake (1/4) Lair:3        Slime (0/5) Lair:5
    Orc (2/2) D:12            Elf (0/3) Orc:2        Vaults (0/5) D:13
 Depths (0/4) D:15          Sewer (visited)         Ossuary (visited)
Volcano (visited)         Gauntlet (visited)

Altars:
Ashenzari
Cheibriados
Dithmenos
Elyvilon
Fedhas
Gozag
Hepliaklqana
Kikubaaqudgha
Makhleb
Nemelex Xobeh
Okawaru
Qazlal
Ru
Sif Muna
Trog
Uskayaw
Vehumet
Wu Jian
Xom
Yredelemnul
Zin
The Shining One
Beogh
Jiyva

Shops:
D:12 (   Orc:2 [(*:


Innate Abilities, Weirdness & Mutations

You can wield a second weapon in your off-hand.
It takes a long time for you to wield or remove held weapons.
Your first few attacks do less damage.
Attacking and casting redirects power from your legs.
You are mostly covered in iridescent scales. (AC +4)
You are strong-willed. (Will+)
You are occasionally teleported next to monsters.


Message History

The naga sharpshooter spits poison at you.
The splash of poison hits you but does no damage.
You resist.
You barely miss the cacodemon with the +11 long sword of Hiuhidu.
The cacodemon is heavily wounded.
You slash the cacodemon with your +7 scimitar of flaming!
You burn the cacodemon.
You feel very sick.
The anaconda bites you but does no damage.
The anaconda constricts you.
You hit the cacodemon with the +11 long sword of Hiuhidu.
The cacodemon is severely wounded.
You slash the cacodemon with your +7 scimitar of flaming!
You burn the cacodemon.
You feel very sick. The cacodemon gestures at you.
Strange energies course through your body.
You feel weirdly uncertain.
The naga sharpshooter shoots an arrow.
The arrow hits you!
The naga sharpshooter spits poison at you.
The splash of poison hits you but does no damage.
You resist. The anaconda barely misses you. The anaconda constricts you.
You hit the cacodemon but do no damage.
The cacodemon is almost dead.
You slice the cacodemon with the +11 long sword of Hiuhidu!!
You kill the cacodemon!
The cacodemon disappears in a puff of smoke!
You feel very sick. The anaconda bites you!
* * * LOW HITPOINT WARNING * * *
The anaconda constricts you.
* * * LOW HITPOINT WARNING * * *
The naga sharpshooter gestures wildly while chanting.
The naga sharpshooter magically shoots a bolt.
The bolt hits you!
* * * LOW HITPOINT WARNING * * *
The naga mage mumbles some strange words.
The naga mage seems to speed up.
The naga sharpshooter shoots a bolt.
The bolt hits you!
You die...

#### ..#
##+##.#
#.N.#.##
#NN@§..#
#..S###.#
#...
#†#########
.NN.#
#.....##..#
⌠...N#
#####.....#
....#
#...#..#
..⌠.
#####.###.##
... #.....#
#.#
#....####.#


You could see 3 naga sharpshooters, an anaconda, a naga mage (fast) and 2 nagas.

Vanquished Creatures
  Saint Roka (Orc:2)
  Jorgrun (D:14)
  Kirke (Lair:4)
  The ghost of Decliu the Grappler, a journeyman OnSh of Hepliaklqana (Lair:4)
  An ironbound preserver (D:13)
  A stone giant (D:15)
  A minotaur (Gauntlet)
  Josephine (Lair:3)
  3 hydras
  5 catoblepae
  6 centaur warriors
  3 ogre magi (D:15)
  An anaconda (Snake:1)
  13 two-headed ogres
  5 boulder beetles
  A tengu warrior (D:15)
  13 death yaks
  Urug (Lair:3)
  A naga sharpshooter (Snake:1)
  An occultist (D:15)
  5 skeletal warriors (D:13)
  Amaemon (Lair:3)
  A fire crab (shapeshifter) (D:15)
  A mana viper (Snake:1)
  A naga ritualist (Snake:1)
  Pikel (D:4)
  2 lindwurms (Volcano)
  2 orc knights (D:12)
  A deep elf pyromancer (D:14)
  A harpy (shapeshifter) (D:14)
  An oklob plant (Lair:2)
  15 ugly things
  6 cyclopes
  An orc sorcerer (Orc:2)
  A shining eye (Gauntlet)
  6 manticores
  A toenail golem (Volcano)
  13 elephants
  3 meliai (D:13)
  A merfolk siren (Lair:3)
  15 black mambas
  A gargoyle (Gauntlet)
  4 kobold blastminers (Orc:2)
  6 molten gargoyles
  6 cane toads
  An orange demon (Lair:3)
  2 naga magi (Snake:1)
  Jeremiah (D:7)
  12 komodo dragons
  3 efreet (Volcano)
  A rime drake (Lair:5)
  2 tengu conjurers (D:15)
  3 trolls
  2 hornets
  2 polar bears
  7 blink frogs
  A blink frog (shapeshifter) (D:15)
  3 dream sheep (Lair:4)
  13 slime creatures
  2 shadows
  4 wraiths
  3 vampires
  3 hogs
  5 wargs
  2 wyverns
  61 yaks
  5 fire elementals (Volcano)
  2 basilisks
  2 golden eyes (Gauntlet)
  3 steam dragons
  4 vampire mosquitoes (D:13)
  4 acid dragons
  7 nagas
  12 water moccasins
  Pargi (Sewer)
  34 orc warriors
  An ice beast (D:8)
  A sky beast (D:6)
  The ghost of syon the Trooper, an amateur MiFi (D:3)
  3 black bears
  22 ogres
  The ghost of Lovepenguin the Magician, an amateur DjHW (D:3)
  11 centaurs
  7 laughing skulls
  20 wolves
  A kobold brigand (D:7)
  A phantom (D:6)
  3 lemures (D:4)
  15 bullfrogs
  6 elf zombies (Ossuary)
  2 brain worms (Sewer)
  An earth elemental (Volcano)
  10 wights (D:7)
  4 scorpions
  4 killer bees (D:10)
  4 bombardier beetles
  7 electric eels
  2 howler monkeys (D:14)
  A centaur zombie (Ossuary)
  8 jellies
  2 gnoll boudas
  4 hounds
  27 orc priests
  2 sleepcaps
  3 iguanas
  29 orc wizards
  6 hound zombies (Ossuary)
  2 mummies (Ossuary)
  13 gnolls
  6 adders
  3 shadow imps
  3 white imps
  2 adder zombies (Ossuary)
  3 dart slugs
  2 ribbon worms (D:2)
  100 orcs
  3 bats
  5 endoplasms
  5 giant cockroaches
  5 gnoll zombies (Ossuary)
  4 goblins
  13 hobgoblins
  11 kobolds
  2 quokkas (D:1)
  10 ball pythons
  8 frilled lizards
  6 jackal zombies (Ossuary)
  7 kobold zombies (Ossuary)
  4 orc zombies (Ossuary)
  6 rats
  A spectral goblin (D:9)
797 creatures vanquished.

Vanquished Creatures (collateral kills)
  A hydra (Lair:5)
  2 death yaks
  A catoblepas (Lair:5)
  A cane toad (Lair:5)
  A torpor snail (Lair:4)
  A komodo dragon (Lair:1)
  3 dream sheep (Lair:4)
  2 wraiths (Lair:3)
  4 yaks
  A fire elemental (Volcano)
  A water moccasin (Lair:4)
  An orc warrior (Orc:2)
  A black bear (Lair:1)
  7 orcs
27 creatures vanquished.

Vanquished Creatures (others)
  A catoblepas (Gauntlet)
1 creature vanquished.

Grand Total: 825 creatures vanquished

Notes
Turn   | Place    | Note
-------+----------+-------------------------------------------
     0 | D:1      | skewfiend the Coglin Gladiator began the quest for the Orb.
     0 | D:1      | Reached XP level 1. HP: 16/16 MP: 1/1
   159 | D:1      | Reached XP level 2. HP: 22/23 MP: 2/2
   310 | D:1      | Reached XP level 3. HP: 28/28 MP: 3/3
  1096 | D:2      | Reached skill level 3 in Fighting
  1203 | D:2      | Reached XP level 4. HP: 35/35 MP: 4/4
  1930 | D:3      | Found a shimmering altar of Xom.
  1944 | D:3      | Reached XP level 5. HP: 26/42 MP: 5/5
  1995 | D:3      | Found a glowing drain.
  2008 | Sewer    | Entered a sewer
  2016 | Sewer    | Reached skill level 4 in Fighting
  2179 | Sewer    | Noticed Pargi
  2193 | Sewer    | Killed Pargi
  2194 | Sewer    | Reached skill level 5 in Long Blades
  2194 | Sewer    | Reached XP level 6. HP: 49/49 MP: 6/6
  2241 | Sewer    | Reached skill level 5 in Fighting
  2596 | D:3      | Found a runed translucent gate.
  2596 | D:3      | Found a runed translucent gate.
  2598 | D:3      | Found a runed translucent gate.
  2647 | D:3      | Found a faded altar of an unknown god.
  2921 | D:3      | Noticed syon's ghost (amateur MiFi)
  2922 | D:3      | Noticed Lovepenguin's ghost (amateur DjHW)
  3197 | D:3      | Gained mutation: You occasionally shout uncontrollably at
                  | your foes. [potion of mutation]
  3197 | D:3      | Gained mutation: You occasionally lose the ability to drink
                  | potions when taking damage. [potion of mutation]
  3197 | D:3      | Gained mutation: You are clumsy. (Dex -2) [potion of
                  | mutation]
  3197 | D:3      | Gained mutation: You are strong-willed. (Will+) [potion of
                  | mutation]
  3198 | D:3      | Lost mutation: You occasionally shout uncontrollably at
                  | your foes. [potion of mutation]
  3198 | D:3      | Lost mutation: You are clumsy. (Dex -2) [potion of
                  | mutation]
  3198 | D:3      | Gained mutation: You are partially covered in iridescent
                  | scales. (AC +2) [potion of mutation]
  3198 | D:3      | Lost mutation: You occasionally lose the ability to drink
                  | potions when taking damage. [potion of mutation]
  3198 | D:3      | Gained mutation: You are mostly covered in iridescent
                  | scales. (AC +4) [potion of mutation]
  3233 | D:4      | Reached XP level 7. HP: 56/56 MP: 7/7
  3254 | D:4      | Noticed Pikel
  3262 | D:4      | Killed Pikel
  3263 | D:4      | Reached skill level 6 in Fighting
  3263 | D:4      | Reached XP level 8. HP: 61/65 MP: 8/8
  3570 | D:4      | Reached skill level 7 in Fighting
  4080 | D:4      | Found an opulent altar of Gozag.
  4226 | D:5      | Entered Level 5 of the Dungeon
  4262 | D:5      | Found a staircase to the Ecumenical Temple.
  4274 | Temple   | Entered the Ecumenical Temple
  4304 | Temple   | Became a worshipper of Makhleb the Destroyer
  4362 | D:5      | Found a sand-covered staircase.
  4391 | Ossuary  | Entered an ossuary
  4602 | Ossuary  | Reached * piety under Makhleb
  4646 | Ossuary  | Reached skill level 8 in Fighting
  4726 | Ossuary  | Reached XP level 9. HP: 74/74 MP: 9/9
  5314 | D:5      | Found a snail-covered altar of Cheibriados.
  5455 | D:5      | Found a basalt altar of Yredelemnul.
  5658 | D:6      | Reached skill level 9 in Fighting
  6026 | D:6      | Found a glowing golden altar of the Shining One.
  6083 | D:6      | Found a shimmering blue altar of Sif Muna.
  6102 | D:6      | Noticed a hornet
  6127 | D:6      | Paralysed by a hornet for 3 turns
  6132 | D:6      | Paralysed by a hornet for 2 turns
  6134 | D:6      | Killed a hornet
  6134 | D:6      | Reached ** piety under Makhleb
  6173 | D:6      | Reached skill level 10 in Long Blades
  6381 | D:6      | Reached XP level 10. HP: 75/85 MP: 10/10
  6520 | D:6      | Reached skill level 10 in Fighting
  7036 | D:7      | Noticed Jeremiah
  7186 | D:7      | Killed Jeremiah
  7763 | D:8      | Found a white marble altar of Elyvilon.
  7840 | D:8      | Reached *** piety under Makhleb
  7900 | D:8      | Reached skill level 11 in Fighting
  7981 | D:8      | Upgraded the game from 0.32-a0-411-g744942f to
                  | 0.32-a0-418-g34023cf
  8022 | D:8      | Noticed a manticore
  8034 | D:8      | Killed a manticore
  8610 | D:8      | Identified a scroll of acquirement
  8736 | D:9      | Found a viscous altar of Jiyva.
  8745 | D:9      | Acquired 447 gold pieces
  8957 | D:9      | Reached skill level 1 in Armour
  9155 | D:9      | Reached XP level 11. HP: 75/94 MP: 11/11
  9168 | D:9      | Reached skill level 1 in Invocations
  9277 | D:9      | Identified the +11 long sword of Hiuhidu {pain, +Blink rF+
                  | rC++ rCorr}
  9492 | D:9      | Found a staircase to the Lair.
  9734 | Lair:1   | Entered Level 1 of the Lair of Beasts
  9742 | Lair:1   | Reached **** piety under Makhleb
  9971 | Lair:1   | Noticed a catoblepas
 10037 | D:9      | Reached skill level 12 in Fighting
 10153 | Lair:1   | Killed a catoblepas
 10227 | Lair:1   | Noticed a boulder beetle
 10274 | Lair:1   | Killed a boulder beetle
 10709 | Lair:1   | Reached XP level 12. HP: 103/103 MP: 13/15
 10852 | Lair:1   | Reached skill level 13 in Fighting
 11430 | Lair:2   | Noticed a death yak
 11431 | Lair:2   | Noticed a death yak
 11431 | Lair:2   | Noticed a boulder beetle
 11432 | Lair:2   | Noticed a death yak
 11436 | Lair:2   | Killed a death yak
 11447 | Lair:2   | Killed a death yak
 11449 | Lair:2   | Killed a death yak
 11460 | Lair:2   | Killed a boulder beetle
 11667 | Lair:2   | You fall into a shaft and drop 1 floor!
 11672 | Lair:3   | Noticed Josephine
 11680 | Lair:3   | Reached skill level 14 in Fighting
 11687 | Lair:3   | Killed Josephine
 11816 | Lair:3   | Found a dark tunnel.
 11816 | Lair:3   | Noticed Amaemon
 11837 | Lair:3   | Killed Amaemon
 11962 | Volcano  | Entered a volcano
 11983 | Volcano  | Reached XP level 13. HP: 50/114 MP: 16/16
 12345 | Volcano  | Reached ***** piety under Makhleb
 12933 | Lair:3   | Reached skill level 15 in Long Blades
 13042 | Lair:3   | Identified the ring "Icsannaz" {Wiz rC++}
 13216 | Lair:2   | Reached skill level 15 in Fighting
 14233 | Lair:3   | Noticed Urug
 14245 | Lair:3   | Killed Urug
 14645 | Lair:3   | Found a staircase to the Snake Pit.
 14753 | Lair:3   | Found a staircase to the Shoals.
 15181 | Lair:4   | Noticed Kirke
 15231 | Lair:4   | Killed Kirke
 15232 | Lair:4   | Reached skill level 5 in Armour
 15248 | Lair:4   | Reached skill level 5 in Dodging
 15254 | Lair:4   | Reached XP level 14. HP: 63/123 MP: 17/17
 15657 | Lair:4   | Found a runed translucent door.
 15657 | Lair:4   | Noticed Decliu's ghost (journeyman OnSh)
 15682 | Lair:4   | Reached skill level 5 in Invocations
 16161 | D:3      | Killed syon's ghost
 16163 | D:3      | Killed Lovepenguin's ghost
 16536 | D:9      | Found a hazy altar of Hepliaklqana.
 16594 | D:9      | Found a stormy altar of Qazlal.
 16694 | D:10     | Entered Level 10 of the Dungeon
 17320 | D:10     | Found a shadowy altar of Dithmenos.
 18225 | D:11     | Reached skill level 16 in Fighting
 18225 | D:11     | Reached skill level 1 in Necromancy
 18472 | D:12     | Found Dineed's Weapon Emporium.
 18802 | D:12     | Found a staircase to the Orcish Mines.
 19728 | Orc:1    | Entered Level 1 of the Orcish Mines
 19929 | Orc:2    | Entered Level 2 of the Orcish Mines
 19967 | Orc:2    | Found an iron altar of Okawaru.
 20127 | Orc:2    | Found a staircase to the Elven Halls.
 20449 | Orc:2    | Found a roughly hewn altar of Beogh.
 20466 | Orc:2    | Found a roughly hewn altar of Beogh.
 20812 | Orc:2    | Found a roughly hewn altar of Beogh.
 20829 | Orc:2    | Found Zujuywen's Assorted Antiques.
 20882 | Orc:2    | Found a roughly hewn altar of Beogh.
 20905 | Orc:2    | Found Neos's Book Shoppe.
 21056 | Orc:2    | Found a roughly hewn altar of Beogh.
 21190 | Orc:2    | Noticed Saint Roka
 21339 | Orc:2    | Reached ****** piety under Makhleb
 21393 | Orc:2    | Killed Saint Roka
 21399 | Orc:2    | Found Woc Usch's Antique Armour Emporium.
 21400 | Orc:2    | Found a roughly hewn altar of Beogh.
 21403 | Orc:2    | Found Pule's Antique Weapon Shoppe.
 21457 | Orc:2    | Bought a pair of jewelled boots for 237 gold pieces
 21457 | Orc:2    | Identified the +0 pair of boots "Qiemiarph" {Fly rElec
                  | Will+ Int+2} (You bought it in a shop on level 2 of the
                  | Orcish Mines)
 21457 | Orc:2    | Bought an embroidered cloak for 187 gold pieces
 21756 | Lair:4   | Killed Decliu's ghost
 21757 | Lair:4   | Reached XP level 15. HP: 52/132 MP: 19/19
 21852 | Lair:5   | Entered Level 5 of the Lair of Beasts
 22028 | Lair:5   | Found a staircase to the Slime Pits.
 22623 | Lair:5   | Reached skill level 17 in Fighting
 22790 | Lair:5   | Identified the -1 kite shield of Light {Rampage Fly rCorr
                  | Str-4}
 23220 | D:13     | Found a gate to the Vaults.
 24353 | D:14     | Reached XP level 16. HP: 98/142 MP: 21/21
 24587 | D:14     | Noticed Jorgrun
 24598 | D:14     | Killed Jorgrun
 24749 | D:14     | Found a bloodstained altar of Trog.
 24785 | D:14     | You are sucked into a shaft and drop 1 floor!
 24785 | D:15     | Entered Level 15 of the Dungeon
 24909 | D:15     | Reached skill level 18 in Fighting
 24926 | D:15     | Found a gate leading to a gauntlet.
 24967 | Gauntlet | Entered a Gauntlet
 24967 | Gauntlet | Found a transporter.
 24967 | Gauntlet | Found a runed translucent door.
 24968 | Gauntlet | Found a runed translucent door.
 24974 | Gauntlet | Found a transporter.
 24976 | Gauntlet | Found a transporter.
 24987 | Gauntlet | Found a transporter.
 24990 | Gauntlet | Found a transporter.
 24999 | Gauntlet | Found a transporter.
 25021 | Gauntlet | Found a transporter.
 25154 | Gauntlet | Found a transporter.
 25159 | Gauntlet | Found a transporter.
 25159 | Gauntlet | Found a transporter.
 25196 | Gauntlet | Found a transporter.
 25199 | Gauntlet | Found a transporter.
 25259 | Gauntlet | Found a transporter.
 25264 | Gauntlet | Found a transporter.
 25473 | Gauntlet | Identified the +2 helmet "Linokh" {Str+3 Int-4 Stlth+}
 25545 | Gauntlet | Identified the amulet "Yfeqiwix" {RegenMP +Inv Str+5}
 25854 | D:15     | Found a staircase to the Depths.
 25968 | D:15     | Identified the ring "Yhoesuja" {+Blink rPois rC- Dex-2
                  | Stlth+}
 26461 | Snake:1  | Entered Level 1 of the Snake Pit
 26754 | Snake:1  | Gained mutation: You are occasionally teleported next to
                  | monsters. [a cacodemon]
 26755 | Snake:1  | Shot with a bolt by a naga sharpshooter

Illustrated notes

Levels and vault maps discovered:
D:1:      erik_arrival_cave_to_civilisation [erik_arrival_cave_to_hall],
          layout_basic
D:2:      layout_loops_ring
D:3:      layout_loops_ring, brannock_xom_greatest_gift, portal_sewer_entry_e,
          hellmonk_ecumenical_altar_heavens_door, gammafunk_ghost_cemetery,
          minivault_11
D:4:      layout_loops_ring, grunt_gozag_statues, uniq_pikel
D:5:      layout_cave_pools, yredelemnul_altar_generic, slow_altar_1,
          minmay_temple_entry_arrows, nicolae_ossuary_entry_ruins
D:6:      layout_rooms, tso_altar, lemuel_blue_sif_altar, grunt_potential
D:7:      layout_basic, uniq_jeremiah
D:8:      layout_loops_corners, nicolae_elyvilon_peaceful_grove
D:9:      layout_irregular_city, nicolae_hepliaklqana_monster_ancestors,
          mainiacjoe_overflow_alcove_4, erik_lair_island, jiyva_altar_1
D:10:     layout_basic, mainiacjoe_overflow_six_doors_small
D:11:     layout_basic, fungi_pond_lemuel, serial_bayou_crossing
D:12:     layout_layer_cave, hiddenorc2_lemuel, serial_shops, shop,
          nooodl_orcs_dogs
D:13:     layout_grid_maze, skrybe_vaults_entry_preservation
D:14:     layout_roguey, infiniplex_staircase_spiral_double,
          trog_butcher_becter, uniq_jorgrun
D:15:     hangedman_depths_entry_civil_slaughter, layout_rooms,
          gauntlet_entry_generic, kennysheep_doodads
Temple:   nicolae_temple_slightly_damp_pantheon
Lair:1:   layout_misc_corridors
Lair:2:   layout_cave_shapes
Lair:3:   layout_roguey, minmay_shoals_entry_lonely_mermaid,
          minmay_snake_entry_guardpost_medium, nicolae_volcano_entry_lava_flow,
          nzn_sisyphean_effort, uniq_josephine, uniq_urug, uniq_amaemon
Lair:4:   layout_gridlike, gammafunk_ghost_grave, infiniplex_staircase_pool_2,
          uniq_kirke
Lair:5:   evilmike_catoblepas_cave, layout_gridlike, slime_entry_1,
          st_stairs_13, small_statue_intersection
Snake:1:  layout_misc_corridors, serial_bayou_shore_b, grunt_megastairs_4
Orc:1:    layout_caves
Orc:2:    grunt_orc_community_town_hall, layout_diamond_mine,
          grunt_orc_community_big_house_2, grunt_orc_community_big_house_2,
          grunt_orc_community_house_3, grunt_orc_community_house_3,
          grunt_orc_community_house_2, grunt_orc_community_house_2,
          grunt_orc_community_house_3, okawaru_metal_pillars_3

Skill      XL: |  1  2  3  4  5  6  7  8  9 10 11 12 13 14 15 16 |
---------------+-------------------------------------------------+-----
Fighting       | 3 4 5 6 8 9 11 12 14 15 16 17 18 | 18.5
Long Blades    | 4 5 7 8 10 11 12 14 15 16 17 | 17.3
Armour         | 1 3 5 6 7 8 |  8.9
Invocations    | 4 6 7 8 |  8.0
Dodging        | 3 5 6 7 8 |  8.7
Necromancy     | 3 |  3.0
Throwing       | |  1.9

Action                     |  1- 3 |  4- 6 |  7- 9 | 10-12 | 13-15 | 16-18 || total
---------------------------+-------+-------+-------+-------+-------+-------++-------
  Melee: Long sword        |    44 |    26 |   301 |   273 |   527 |   162 ||  1333
         Mace              |    40 |    65 |       |       |       |       ||   105
         Hand axe          |       |    59 |       |       |       |       ||    59
         Short sword       |       |    38 |   558 |   239 |       |       ||   835
         Scimitar          |       |       |       |   416 |   892 |   183 ||  1491
  Throw: Dart              |       |       |     3 |    14 |       |     1 ||    18
         Throwing net      |       |       |     2 |       |       |       ||     2
         Stone             |       |       |     1 |    13 |       |       ||    14
         Javelin           |       |       |     1 |     1 |       |       ||     2
         Boomerang         |       |       |       |       |    22 |       ||    22
 Invoke: Minor Destruction |       |       |       |     1 |    43 |    28 ||    72
         Lesser Servant of |       |       |       |     9 |    16 |     4 ||    29
         Major Destruction |       |       |       |       |     6 |    12 ||    18
         Greater Servant o |       |       |       |       |       |     2 ||     2
Ability: Evoke Blink       |       |       |       |     1 |       |       ||     1
  Evoke: Wand              |       |       |       |    10 |     3 |     1 ||    14
         Phantom mirror    |       |       |       |     1 |     1 |       ||     2
         Condenser vane    |       |       |       |       |     1 |       ||     1
    Use: Scroll            |       |     5 |     2 |    12 |    11 |     1 ||    31
         Potion            |       |     5 |     7 |     3 |     5 |     2 ||    22
   Stab: Distracted        |       |       |       |       |     3 |     1 ||     4
 Armour: Leather armour    |    21 |       |       |       |       |       ||    21
         Chain mail        |    13 |    59 |   219 |    81 |       |       ||   372
         Skin              |       |    40 |    15 |       |       |       ||    55
         Plate armour      |       |       |       |   253 |   560 |   145 ||   958
  Dodge: Dodged            |    22 |    36 |   161 |   262 |   430 |   101 ||  1012

Table legend: (Time is in decaauts)
 A = Elapsed time spent in this place.
 B = Non-inter-level travel time spent in this place.
 C = Inter-level travel time spent in this place.
 D = Time resting spent in this place.
 E = Time spent auto-exploring this place.
 F = Levels seen in this place.
 G = Mean time per level.
                   A        B        C        D        E       F      G
               +--------+--------+--------+--------+--------+-----+--------+
         Total |  26252 |  24111 |   2141 |   2070 |  16579 |  28 |  937.6 |
       Dungeon |  15326 |  13959 |   1367 |   1087 |  10159 |  15 | 1021.7 |
        Temple |     49 |      1 |     48 |      0 |      0 |   1 |   49.0 |
          Lair |   6751 |   6144 |    607 |    384 |   4512 |   5 | 1350.2 |
     Snake Pit |    281 |    281 |      0 |      0 |    200 |   1 |  281.0 |
  Orcish Mines |   1757 |   1639 |    118 |     10 |   1207 |   2 |  878.5 |
         Sewer |    282 |    282 |      0 |     28 |    174 |   1 |  282.0 |
       Ossuary |    364 |    364 |      0 |      0 |    141 |   1 |  364.0 |
       Volcano |    803 |    803 |      0 |    504 |     65 |   1 |  803.0 |
      Gauntlet |    635 |    635 |      0 |     57 |    120 |   1 |  635.0 |
               +--------+--------+--------+--------+--------+-----+--------+

Top non-repeatable levels by time:
  Lair:3: 1627 daAuts
     D:9: 1605 daAuts
  Lair:2: 1538 daAuts
  Lair:1: 1476 daAuts
    D:12: 1330 daAuts
   Orc:2: 1241 daAuts
    D:13: 1195 daAuts
     D:1: 1097 daAuts
     D:4: 1072 daAuts
  Lair:4: 1069 daAuts
     D:8: 1063 daAuts
     D:3: 1056 daAuts
    D:10: 1048 daAuts
  Lair:5: 1040 daAuts
     D:7: 1022 daAuts
